 Dungeon Crawl Stone Soup version 0.27-a0-1184-ge86db4a01e (webtiles) character file.

Game seed: 13845926995518415034

200 leviel the Slasher (level 5, -3/47 HPs)
             Began as a Minotaur Monk on May 18, 2021.
             Killed by nerve-wracking pain
             ... invoked by Grinder
              (6 damage)
             ... on level 4 of the Dungeon.
             The game lasted 00:04:41 (3741 turns).

leviel the Slasher (Minotaur Monk)                  Turns: 3741, Time: 00:04:41

Health: -3/47      AC:  7    Str: 17    XL:     5   Next: 48%
Magic:  4/4        EV: 11    Int:  7    God:
Gold:   143        SH:  0    Dex: 12    Spells: 4/4 levels left

rFire    . . .     SeeInvis .   c - +1 dagger (venom)
rCold    . . .     Faith    .   (no shield)
rNeg     . . .     Spirit   .   h - +0 scale mail
rPois    .         Reflect  .   m - +0 hat
rElec    .         Harm     .   (no cloak)
rCorr    .         Rampage  .   f - +0 pair of gloves
Will     .....                  (no boots)
Stlth    +.........             (no amulet)
HPRegen  0.15/turn              (no ring)
MPRegen  0.09/turn              (no ring)

@: brilliant, flying (expiring)
A: horns 2, retaliatory headbutt
a: no special abilities


You were on level 4 of the Dungeon.
You visited 1 branch of the dungeon, and saw 4 of its levels.

You collected 143 gold pieces.

Inventory:

Hand Weapons
 a - a +0 falchion
 c - a +1 dagger of venom (weapon)
 l - a +1 hand axe of draining
Missiles
 j - 3 javelins (quivered)
Armour
 f - a +0 pair of gloves (worn)
 h - a +0 scale mail (worn)
 m - a +0 hat (worn)
Scrolls
 b - a scroll of amnesia {unknown}
 d - a scroll of teleportation {unknown}
 g - 2 scrolls of blinking {unknown}
 i - a scroll of acquirement {unknown}
 k - 3 scrolls of magic mapping {unknown}
 o - a scroll of identify {unknown}
Potions
 e - a potion of flight


   Skills:
 + Level 4.8 Fighting
 + Level 5.2 Long Blades
 + Level 2.2 Armour
 + Level 4.2 Dodging
 + Level 2.0 Stealth


You had 4 spell levels left.
You didn't know any spells.
Your spell library contained the following spells:

 Spells                   Type           Power      Damage    Failure   Level
 Magic Dart               Conj           0%         1d3       85%         1
 Summon Small Mammal      Summ           0%         N/A       85%         1
 Blink                    Tloc           N/A        N/A       94%         2
 Call Imp                 Summ           0%         N/A       94%         2
 Slow                     Hex            0%         N/A       94%         2
 Call Canine Familiar     Summ           0%         N/A       99%         3
 Conjure Flame            Conj/Fire      0%         6-21      99%         3
 Mephitic Cloud           Conj/Pois/Air  0%         N/A       99%         3
 Summon Guardian Golem    Hex/Summ       0%         N/A       99%         3
 Summon Ice Beast         Ice/Summ       0%         N/A       100%        4
 Summon Lightning Spire   Summ/Air       0%         N/A       100%        4


Dungeon Overview and Level Annotations

Branches:
Dungeon (4/15)
 Temple: D:4-7

Altars:
Elyvilon

Annotations:
D:4 Grinder


Innate Abilities, Weirdness & Mutations

You have a pair of horns on your head.
You reflexively headbutt those who attack you in melee.


Message History

You hit Grinder but do no damage.
Grinder is moderately wounded.
Grinder hits you!
* * * LOW HITPOINT WARNING * * *
You hit Grinder. Your headbutt misses Grinder.
Grinder is heavily wounded.
Grinder gestures at you. You resist with significant effort.
You hit Grinder but do no damage.
Grinder is poisoned.
Grinder is heavily wounded.
Grinder hits you.
* * * LOW HITPOINT WARNING * * *
You writhe in agony.
* * * LOW HITPOINT WARNING * * *
You hit Grinder. You headbutt Grinder.
Grinder is heavily wounded.
You barely miss Grinder. You headbutt Grinder.
Grinder is severely wounded.
Grinder hits you.
* * * LOW HITPOINT WARNING * * *
You writhe in agony.
* * * LOW HITPOINT WARNING * * *
Grinder grins, showing sharp teeth.
Found a quarterstaff.
Grinder gestures at you.
You barely resist. Grinder gestures at you.
You barely resist. Grinder gestures at you. You resist with significant effort.
You are starting to lose your buoyancy.
You start resting.
Grinder is nearby!
Grinder closely misses you. You furiously retaliate!
You headbutt Grinder. You hit Grinder but do no damage.
Grinder is poisoned.
Your headbutt misses Grinder.
Grinder is almost dead.
Grinder gestures at you. Pain shoots through your body!
You die...

... ..# #.# #
##.#### .. .....
#.####..####### .
..#..............
..........@........
...########5.#####
.................#
#.....5####..##.#
#......# #.##.##
#......#####..#..
#..............###
#..............#..
#..............#.#


You could see Grinder (very poisoned).

Vanquished Creatures
  A gnoll shaman (D:3)
  4 gnolls
  5 adders
  3 worms (D:2)
  A dart slug (D:2)
  4 orcs (D:4)
  6 ball pythons
  6 endoplasms
  6 goblins
  5 hobgoblins
  11 jackals (D:2)
  4 bats
  3 frilled lizards
  7 kobolds
  7 rats
73 creatures vanquished.

Notes
Turn   | Place    | Note
-------+----------+-------------------------------------------
     0 | D:1      | leviel the Minotaur Monk began the quest for the Orb.
     0 | D:1      | Reached XP level 1. HP: 19/19 MP: 0/0
   225 | D:1      | Reached XP level 2. HP: 27/27 MP: 1/1
   245 | D:1      | Reached skill level 4 in Long Blades
   527 | D:1      | Reached XP level 3. HP: 25/33 MP: 2/2
  1348 | D:2      | Reached XP level 4. HP: 33/41 MP: 3/3
  2724 | D:3      | Reached skill level 5 in Long Blades
  2724 | D:3      | Reached skill level 1 in Armour
  2727 | D:3      | Reached XP level 5. HP: 13/47 MP: 4/4
  3277 | D:3      | Found a white marble altar of Elyvilon.
  3697 | D:4      | Noticed Grinder
  3725 | D:4      | HP: 1/47 [Grinder (2)]
  3741 | D:4      | Killed from afar by Grinder

Illustrated notes

Levels and vault maps discovered:
D:1:      lemuel_arrival_broad_hall, layout_rooms, hex_tiny, nrook_uturn,
          minmay_misc_feat_columns, minmay_tetromino_i4
D:2:      layout_loops_corners
D:3:      layout_loops_cross, elyvilon_altar_5, chequers_serial_rivers_room_a
D:4:      layout_basic, marbit_many_paths, uniq_grinder

Skill      XL: |  1  2  3  4  5 |
---------------+----------------+-----
Fighting       | 4 |  4.8
Long Blades    | 4 5 |  5.2
Dodging        | 4 |  4.2
Armour         | 1 2 |  2.2
Stealth        | 2 |  2.0

Action                   |  1- 3 |  4- 6 || total
-------------------------+-------+-------++-------
Melee: Falchion          |    61 |   112 ||   173
       Headbutt          |    12 |    21 ||    33
       Dagger            |       |     7 ||     7
  Use: Potion            |     1 |     4 ||     5
 Stab: Sleeping          |     2 |       ||     2
       Distracted        |     1 |       ||     1
       Invisible         |       |     1 ||     1
Armor: Robe              |    11 |       ||    11
       Scale mail        |     3 |    44 ||    47
Dodge: Dodged            |    38 |    55 ||    93
       Rpst.: Falchion   |    12 |    10 ||    22

Table legend: (Time is in decaauts)
 A = Elapsed time spent in this place.
 B = Non-inter-level travel time spent in this place.
 C = Inter-level travel time spent in this place.
 D = Time resting spent in this place.
 E = Time spent auto-exploring this place.
 F = Levels seen in this place.
 G = Mean time per level.
                   A        B        C        D        E       F      G
               +--------+--------+--------+--------+--------+-----+--------+
         Total |   3732 |   3620 |    112 |    391 |   2732 |   4 |  933.0 |
       Dungeon |   3732 |   3620 |    112 |    391 |   2732 |   4 |  933.0 |
               +--------+--------+--------+--------+--------+-----+--------+

Top non-repeatable levels by time:
     D:2: 1600 daAuts
     D:3: 1246 daAuts
     D:1: 780 daAuts
     D:4: 105 daAuts
